 Dungeon Crawl Stone Soup version 0.30-b1-2-g02819fbbbe (webtiles) character file.

Game seed: 13841878927987338339

19615 Arum the Protected (level 13, -2/108 HPs)
             Began as a Formicid Fighter on May 12, 2023.
             Was a High Priest of Okawaru.
             Slain by a very large slime creature (27 damage)
             ... on level 12 of the Dungeon.
             The game lasted 00:18:45 (11736 turns).

Arum the Protected (Formicid Fighter)              Turns: 11736, Time: 00:18:45

Health: -2/108     AC: 40    Str: 30    XL:     13   Next: 6%
Magic:  13/15      EV: 12    Int:  7    God:    Okawaru [*****.]
Gold:   481        SH:  7    Dex: 11    Spells: 12/12 levels left

rFire   . . .        n - +4 great mace "Huihamou" {pain, rCorr Str+3}
rCold   . . .        c - +0 buckler
rNeg    . . .        a - +15 plate armour of Reason {Harm Rampage rPois Dex-2}
rPois   +            (helmet unavailable)
rElec   .            H - scarf {repulsion}
rCorr   +            q - +2 pair of gloves
SInv    +            F - +2 pair of boots of the True Pharaoh {Stlth+}
Will    +....        (no amulet) Stlth
                     K - +4 ring of slaying
HPRegen 0.38/turn    z - ring of poison resistance
MPRegen 0.14/turn

%: harm (+30% outgoing, +20% incoming), repel missiles, rampage
@: heroic
A: permanent stasis, dig shafts and tunnels, antennae 3, four strong arms
a: Dig, Shaft Self, Renounce Religion, Heroism, Finesse, Duel


You were on level 12 of the Dungeon.
You worshipped Okawaru.
Okawaru was extremely pleased with you.
You visited 2 branches of the dungeon, and saw 15 of its levels.

You collected 737 gold pieces.
You spent 256 gold pieces at shops.

Inventory:

Hand Weapons
 m - a +0 giant spiked club
 n - the +4 great mace "Huihamou" (weapon) {pain, rCorr Str+3}
   (Okawaru gifted it to you on level 12 of the Dungeon)

   Str:       It affects your strength (+3).
   rCorr:     It protects you from acid and corrosion.
 D - a +2 heavy flail
 I - a +3 flail of holy wrath
Missiles
 M - a silver javelin
 P - a throwing net
Armour
 a - the +15 plate armour of Reason (worn) {Harm Rampage rPois Dex-2}
   (You found it on level 8 of the Dungeon)

   Dex:       It affects your dexterity (-2).
   rPois:     It protects you from poison.
   Harm:      It increases damage dealt and taken.
   Rampage:   It bestows one free step when moving towards enemies.
 b - a +0 scale mail
 c - a +0 buckler (worn)
 q - a +2 pair of gloves (worn)
 F - the +2 pair of boots of the True Pharaoh (worn) {Stlth+}
   (You bought it in a shop on level 5 of the Dungeon)

   Stlth:     It makes you more stealthy.
 H - a scarf of repulsion (worn)
Jewellery
 d - a ring of fire
 o - a +6 ring of strength
 p - a ring of fire
 z - a ring of poison resistance (right hand)
 K - a +4 ring of slaying (left hand)
Wands
 w - a wand of flame (8)
 A - a wand of roots (6)
 O - a wand of paralysis (7)
Scrolls
 e - 3 scrolls of amnesia
 g - a scroll of fog
 i - a scroll of noise
 l - 2 scrolls of silence
 s - 3 scrolls of immolation {unknown}
 t - 3 scrolls of enchant armour
 v - 2 scrolls of magic mapping
 x - a scroll of fear
 y - a scroll of identify
 G - 2 scrolls of poison
Potions
 f - 3 potions of flight
 h - 3 potions of mutation
 j - a potion of curing
 k - a potion of ambrosia {unknown}
 r - 4 potions of heal wounds {unknown}
 u - 2 potions of might
 B - a potion of magic {unknown}
 C - a potion of brilliance {unknown}
 E - a potion of attraction
 N - a potion of lignification {unknown}


   Skills:
 + Level 12.0(17.0) Fighting
 + Level 10.9(15.9) Maces & Flails
 + Level 12.1(17.1) Armour
 + Level 5.5(10.5) Dodging
 - Level 10.0(15.0) Shields
 - Level 3.0 Invocations


You had 12 spell levels left.
You didn't know any spells.
Your spell library contained the following spells:

 Spells                   Type           Power      Damage    Failure   Level
 Slow                     Hex            0%         N/A       94%         1
 Confusing Touch          Hex            0%         N/A       100%        3
 Inner Flame              Hex/Fire       0%         N/A       100%        3
 Vampiric Draining        Necr           0%         2d6       100%        3
 Flame Wave               Conj/Fire      0%         2d4       100%        4
 Sticky Flame             Conj/Fire      0%         2d3       100%        4
 Borgnjor's Revivificati  Necr           0%         N/A       100%        8
 Necromutation            Tmut/Necr      0%         N/A       100%        8
 Death's Door             Necr           0%         N/A       100%        9


Dungeon Overview and Level Annotations

Branches:
Dungeon (15/15)            Temple (1/1) D:6
   Lair: D:8-11         Orc: D:9-12      Vaults: D:13-14     Depths: D:15

Altars:
Ashenzari
Cheibriados
Dithmenos
Elyvilon
Gozag
Hepliaklqana
Kikubaaqudgha
Nemelex Xobeh
Okawaru
Qazlal
Ru
Sif Muna
Trog
Uskayaw
Wu Jian
Xom
Zin
The Shining One

Shops:
D:1 ?   D:5 *


Innate Abilities, Weirdness & Mutations

You cannot be hasted, slowed, berserked, paralysed or teleported.
You can dig through walls and to a lower floor.
You have a pair of large antennae on your head. (SInv)
Your four strong arms can wield two-handed weapons with a shield.


Message History

The orc warrior hits you but does no damage.
The slime creature barely misses you. x2
You crush the slime creature like a grape!!!
The slime creature is almost dead.
The orc warrior hits you but does no damage.
You block the slime creature's attack.
Two slime creatures merge to form a large slime creature.
The slime creature hits you.
You sock the slime creature!
You kill the slime creature!
Okawaru accepts your kill.
An orc comes into view. It is wielding a +0 dagger.
The orc warrior hits you but does no damage.
You are electrocuted!
Two slime creatures merge to form a very large slime creature.
The slime creature attacks as you move away!
The slime creature hits you but does no damage.
The slime creature attacks as you move away!
The slime creature hits you.
The slime creature attacks as you move away!
The slime creature hits you but does no damage.
The orc barely misses you.
You bludgeon the orc!!
You kill the orc!
The slime creature hits you but does no damage.
You bludgeon the very large slime creature!!
The very large slime creature is moderately wounded.
The very large slime creature barely misses you.
The slime creature hits you but does no damage.
You hit the very large slime creature.
The very large slime creature is moderately wounded.
The very large slime creature hits you! The slime creature barely misses you.
You gain the combat prowess of a mighty hero.
The very large slime creature hits you!!
* * * LOW HITPOINT WARNING * * *
The slime creature barely misses you.
The slime creature hits you but does no damage.
The very large slime creature attacks as you move away!
The very large slime creature hits you!!
You die...

..#####....##.#..####******
...#**#....##.#..####
.....*#....##.......#
.....##....##.##.####*
.....####+###.##.# *,*
...#..,,*,*##.##.###^#
#..#.##,*,*#.).......#
#*,*,**,#.###.##J###.#
.,,,,,.......o)J@..<.#
.,,,,,....###.##.##..#
*,***,#.,,,......#*,.#
*,,,,,,,,.........,,,#
*,**,,,,......##.##,**
*,**,,,,..,)####.#*,*
,,**,*,,#,..* #.#*,*
,,**,*,,*,,,* #.#*,*
.,,,,,,,,,,,* *,**,*


You could see a very large slime creature, a slime creature and an orc warrior.

Vanquished Creatures
  Nessos (D:12)
  2 boulder beetles
  2 two-headed ogres
  A centaur warrior (D:15)
  2 tengu warriors
  A deep elf pyromancer (D:13)
  2 ugly things
  2 manticores (D:12)
  4 cyclopes
  Joseph (D:7)
  Psyche (D:10)
  An efreet (D:15)
  6 slime creatures
  2 wraiths
  A shadow (D:12)
  16 yaks
  A steam dragon (D:9)
  8 vampire mosquitoes
  An acid dragon (D:12)
  3 black bears
  4 orc warriors
  5 sky beasts
  2 ogres
  2 boggarts (D:14)
  An ice beast (D:5)
  10 centaurs
  A phantom (D:5)
  5 bullfrogs
  2 kobold brigands (D:9)
  12 wights
  11 killer bees
  An electric eel (D:12)
  7 howler monkeys
  2 hounds
  2 jellies
  10 orc priests
  A sleepcap (D:8)
  5 iguanas
  17 orc wizards
  5 gnolls
  9 adders
  A shadow imp (D:6)
  A white imp (D:6)
  2 ufetubi (D:6)
  2 worms (D:2)
  3 dart slugs
  42 orcs
  5 endoplasms
  3 giant cockroaches
  7 goblins
  5 hobgoblins
  9 jackals
  2 quokkas
  3 ball pythons
  8 bats
  6 frilled lizards
  17 kobolds
  6 rats
294 creatures vanquished.

Vanquished Creatures (others)
  An orc wizard (D:13)
  2 kobolds (D:9)
3 creatures vanquished.

Grand Total: 297 creatures vanquished

Notes
Turn   | Place    | Note
-------+----------+-------------------------------------------
     0 | D:1      | Arum the Formicid Fighter began the quest for the Orb.
     0 | D:1      | Reached XP level 1. HP: 18/18 MP: 1/1
    94 | D:1      | Reached XP level 2. HP: 17/24 MP: 2/2
   278 | D:1      | Reached XP level 3. HP: 29/29 MP: 3/3
   311 | D:1      | Found The Oracle's Delphic Readings.
   653 | D:1      | Reached XP level 4. HP: 37/37 MP: 4/4
  1206 | D:2      | Found a shimmering altar of Xom.
  1753 | D:3      | Noticed an ogre
  1772 | D:3      | Killed an ogre
  1773 | D:3      | Reached skill level 5 in Shields
  1773 | D:3      | Reached XP level 5. HP: 19/43 MP: 5/5
  1778 | D:3      | Reached XP level 6. HP: 23/49 MP: 6/6
  2009 | D:3      | Found a faded altar of an unknown god.
  3495 | D:5      | Entered Level 5 of the Dungeon
  3495 | D:5      | Found Baoxuzxo's Assorted Antiques.
  3511 | D:5      | Reached skill level 5 in Armour
  3511 | D:5      | Reached XP level 7. HP: 55/55 MP: 7/7
  3563 | D:5      | Found Zesomnal's Armour Emporium.
  3590 | D:5      | Reached skill level 5 in Fighting
  3988 | D:5      | Reached XP level 8. HP: 40/63 MP: 8/8
  4451 | D:5      | Bought a pair of faintly humming boots for 228 gold pieces
  4451 | D:5      | Identified the +2 pair of boots of the True Pharaoh
                  | {Stlth+} (You bought it in a shop on level 5 of the
                  | Dungeon)
  4525 | D:1      | Bought a scroll of identify for 28 gold pieces
  4747 | D:6      | Reached skill level 5 in Maces & Flails
  4905 | D:6      | Found a staircase to the Ecumenical Temple.
  4934 | Temple   | Entered the Ecumenical Temple
  4966 | Temple   | Became a worshipper of Warmaster Okawaru
  5206 | D:6      | Reached * piety under Okawaru
  5207 | D:6      | Reached XP level 9. HP: 55/71 MP: 9/9
  5273 | D:6      | Found a stormy altar of Qazlal.
  6367 | D:7      | Reached ** piety under Okawaru
  6410 | D:7      | Noticed Joseph
  6423 | D:7      | Killed Joseph
  6424 | D:7      | Reached XP level 10. HP: 46/80 MP: 10/10
  7167 | D:8      | Reached skill level 10 in Shields
  7172 | D:8      | Identified the +15 plate armour of Reason {Harm Rampage
                  | rPois Dex-2}
  8224 | D:9      | Reached *** piety under Okawaru
  8639 | D:9      | Received a gift from Okawaru
  8640 | D:9      | Reached XP level 11. HP: 49/89 MP: 11/11
  8820 | D:9      | Noticed a two-headed ogre
  8826 | D:9      | Killed a two-headed ogre
  8826 | D:9      | Reached **** piety under Okawaru
  8892 | D:9      | Noticed a boulder beetle
  8925 | D:9      | Killed a boulder beetle
  8926 | D:9      | Reached skill level 10 in Fighting
  8926 | D:9      | Reached skill level 10 in Armour
  9370 | D:10     | Entered Level 10 of the Dungeon
  9385 | D:10     | Reached skill level 1 in Dodging
  9485 | D:10     | Noticed Psyche
  9499 | D:10     | Killed Psyche
  9773 | D:10     | You fall into a shaft and drop 3 floors!
  9841 | D:12     | Noticed Nessos
  9861 | D:12     | Killed Nessos
  9861 | D:12     | Reached ***** piety under Okawaru
  9862 | D:12     | Reached skill level 1 in Invocations
  9955 | D:12     | Noticed a purple ugly thing
  9976 | D:12     | Killed a purple ugly thing
 10061 | D:12     | Reached XP level 12. HP: 99/99 MP: 14/14
 10069 | D:12     | Noticed a two-headed ogre
 10075 | D:12     | Killed a two-headed ogre
 10230 | D:12     | Noticed a boulder beetle
 10244 | D:12     | Killed a boulder beetle
 10244 | D:12     | Identified the +4 great mace "Huihamou" {pain, rCorr Str+3}
                  | (Okawaru gifted it to you on level 12 of the Dungeon)
 10244 | D:12     | Received a gift from Okawaru
 10245 | D:12     | Reached skill level 10 in Maces & Flails
 10516 | D:12     | Noticed a boulder beetle
 10520 | D:12     | Noticed a two-headed ogre
 10539 | D:12     | HP: 5/100 [boulder beetle (22)]
 10545 | D:12     | HP: 1/100 [manticore (9)]
 10553 | D:12     | HP: 3/100 [vampire mosquito (9)]
 10555 | D:12     | You fall into a shaft and drop 3 floors!
 10555 | D:15     | Entered Level 15 of the Dungeon
 10833 | D:15     | Noticed a centaur warrior
 10846 | D:15     | Killed a centaur warrior
 11199 | D:15     | Reached skill level 5 in Dodging
 11290 | D:15     | Noticed a tengu warrior
 11293 | D:15     | Killed a tengu warrior
 11350 | D:14     | Noticed a skeletal warrior
 11350 | D:14     | Noticed a skeletal warrior
 11356 | D:14     | Noticed a tengu warrior
 11361 | D:14     | Noticed a skeletal warrior
 11363 | D:14     | Noticed a centaur warrior
 11642 | D:13     | Noticed a tengu warrior
 11648 | D:13     | Killed a tengu warrior
 11649 | D:13     | Reached XP level 13. HP: 99/108 MP: 15/15
 11718 | D:12     | Identified the +2 morningstar of Courage {elec, rN+}
 11736 | D:12     | Slain by a very large slime creature

Illustrated notes

Levels and vault maps discovered:
D:1:      wander_arrival_peaceful_grave, layout_basic,
          chequers_serial_rivers_marsh, nicolae_nh_oracle_at_delphi
D:2:      layout_rooms, basic_altar, due_unseen_surprise
D:3:      layout_loops_cross, hellmonk_ecumenical_altar_zigzags
D:4:      layout_loops_ring, kennysheep_opposing_triangles
D:5:      layout_rooms, serial_shops, shop, nicolae_stop_n_shop_2,
          minmay_misc_feat_ornament
D:6:      layout_loops_ring, grunt_qazlal_sundering, temple_hall,
          grunt_ministairs_4
D:7:      layout_basic, grunt_ministairs_5, minmay_tree_intersection,
          uniq_joseph
D:8:      layout_layer_cave
D:9:      layout_stronghold
D:10:     layout_cave_pools, erik_orc_1, uniq_psyche
D:12:     cheibrodos_barr_body, layout_basic, nicolae_elevator_lobby_plus,
          uniq_nessos
D:13:     layout_irregular_city, abandoned_shop
D:14:     layout_irregular_city, lightli_vaults_fourway_checkpoint,
          minmay_staircase_statues_hall_small
D:15:     grunt_enter_depths_magical_seal, layout_loops_ring, lemuel_tele_altar,
          patterned_corridor
Temple:   nicolae_temple_the_god_donut

Skill      XL: |  1  2  3  4  5  6  7  8  9 10 11 12 |
---------------+-------------------------------------+-----
Armour         | 4 5 6 7 9 10 12 | 12.1
Fighting       | 4 5 6 7 9 10 12 | 12.0
Maces & Flails | 3 4 5 6 8 9 10 | 10.9
Shields        | 5 6 7 9 10 | 10.0
Dodging        | 3 5 |  5.5
Invocations    | 2 3 |  3.0

Action                     |  1- 3 |  4- 6 |  7- 9 | 10-12 | 13-15 || total
---------------------------+-------+-------+-------+-------+-------++-------
  Melee: Flail             |    87 |   176 |   252 |   389 |       ||   904
         Great mace        |       |       |       |    94 |    15 ||   109
 Invoke: Heroism           |       |       |       |     5 |     1 ||     6
         Finesse           |       |       |       |     1 |       ||     1
Ability: Dig               |       |     1 |     3 |       |       ||     4
         Shaft Self        |       |       |       |     1 |       ||     1
    Use: Potion            |       |     1 |       |     5 |       ||     6
         Scroll            |       |       |     3 |    18 |       ||    21
 Armour: Scale mail        |    45 |    88 |   159 |    17 |       ||   309
         Plate armour      |       |       |       |   346 |    18 ||   364
  Dodge: Dodged            |    47 |    76 |   172 |   172 |    10 ||   477
         Repelled          |       |       |       |     1 |       ||     1
  Block: Buckler           |    26 |    50 |    96 |   139 |     4 ||   315
